 Dungeon Crawl Stone Soup version 0.20.0-15-g7f486f2 (webtiles) character file.

28 Chiseanne the Magician (level 3, 22/24 HPs)
             Began as a Demonspawn Wizard on June 14, 2017.
             Quit the game on level 2 of the Dungeon.
             The game lasted 00:01:43 (1172 turns).

Chiseanne the Magician (Demonspawn Wizard)          Turns: 1172, Time: 00:01:44

Health: 22/24      AC:  2    Str:  7    XL:     3   Next: 0%
Magic:  7/8        EV: 12    Int: 20    God:
Gold:   35         SH:  0    Dex: 11    Spells: 8/9 levels left

rFire    . . .     SeeInvis .   q - +0 long sword
rCold    . . .     Gourm    .   (no shield)
rNeg     . . .     Faith    .   a - +0 robe
rPois    .         Spirit   .   b - +0 hat
rElec    .         Reflect  .   (no cloak)
rCorr    .         Harm     .   (no gloves)
MR       .....                  (no boots)
Stlth    +++.......             (no amulet)
Regen    0.1/turn               (no ring)
MPRegen  0.2/turn               (no ring)

@: no status effects
A: nightstalker 1, sanguine armour 1
a: no special abilities


You were on level 2 of the Dungeon.
You were not hungry.

You visited 1 branch of the dungeon, and saw 2 of its levels.

You collected 35 gold pieces.

Inventory:

Hand Weapons
 f - a +0 dagger
 j - a +0 hand axe
 q - a +0 long sword (weapon)
Missiles
 l - 7 stones (quivered)
 m - 4 javelins
 p - 13 sling bullets
Armour
 a - a +0 robe (worn)
 b - a +0 hat (worn)
Jewellery
 g - an uncursed ring of fire
 k - an uncursed ring of fire
Scrolls
 e - a scroll of magic mapping {unknown}
 i - 3 scrolls of identify {unknown}
 o - a scroll of remove curse {unknown}
 r - a scroll of enchant weapon {unknown}
Potions
 h - a potion of curing {unknown}
Books
 c - a book of Minor Magic

   Spells                             Type                      Level
   a - Magic Dart                     Conjuration                  1
   b - Blink                          Translocation                2
   c - Call Imp                       Summoning                    2
   d - Slow                           Hexes                        2
   e - Conjure Flame                  Conjuration/Fire             3
   f - Mephitic Cloud                 Conjuration/Poison/Air       3
Comestibles
 d - 2 bread rations


   Skills:
 - Level 1.7 Dodging
 - Level 1.7 Stealth
 * Level 3.5 Spellcasting
 * Level 2.0 Conjurations
   Level 1.0 Summonings
   Level 0.8 Translocations


You had 8 spell levels left.
You knew the following spells:

 Your Spells              Type           Power        Failure   Level  Hunger
a - Magic Dart            Conj           ##..         6%          1    None


Dungeon Overview and Level Annotations

Branches:
Dungeon (2/15)

Altars:


Innate Abilities, Weirdness & Mutations

You are slightly more attuned to the shadows.
When seriously injured, your bleeding wounds create armour. (AC +0)


Message History

Aiming: Magic Dart
Press: ? - help, Shift-Dir - straight line, f - rat
Aim: a rat (resting)
You miscast Magic Dart.
You are very lightly contaminated with residual magic.
The air around you crackles with energy!
Casting: Magic Dart
Confirm with . or Enter, or press ? or * to list all spells.
Aiming: Magic Dart
Press: ? - help, Shift-Dir - straight line, f/p - rat
Aim: a rat (resting)
The magic dart hits the rat.
You kill the rat!
You have reached level 3!
Your experience leads to an increase in your attributes!
Increase (S)trength, (I)ntelligence, or (D)exterity?
You feel clever.
Your demonic ancestry asserts itself...
You slip into the darkness of the dungeon.
Your magical contamination has completely faded away.
Are you sure you want to abandon this character and quit the game? (Confirm with "yes".)

....... ....
####.......# .....
#........(.###.....
......<...........
................. #.
###.........#......
..#.............[.>>.
###.......#.###........
.... #@#.##..#######
#..####.#.##.##
#............#
##...........#
#...÷.......#
#...<.......#
#####...........#
#..........)....#
........÷##.##.##


There were no monsters in sight!

Vanquished Creatures
  An adder (D:2)
  A worm (D:2)
  2 leopard geckos
  2 goblins (D:1)
  3 bats
  A frilled lizard (D:2)
  4 kobolds
  3 rats
17 creatures vanquished.

Notes
Turn   | Place    | Note
-------+----------+-------------------------------------------
     0 | D:1      | Chiseanne the Demonspawn Wizard began the quest for the Orb.
     0 | D:1      | Reached XP level 1. HP: 13/13 MP: 4/4
   534 | D:1      | Gained mutation: When seriously injured, your bleeding wounds create armour. (AC +0) [demonic ancestry]
   534 | D:1      | Reached XP level 2. HP: 19/19 MP: 4/6
  1152 | D:2      | Gained mutation: You are slightly more attuned to the shadows. [demonic ancestry]
  1152 | D:2      | Reached XP level 3. HP: 20/24 MP: 5/8
  1172 | D:2      | Quit the game

Skill      XL: |  1  2 |
---------------+-------+-----
Conjurations   | 2 |  2.0
Dodging        | |  1.7
Stealth        | |  1.7
Spellcasting   | |  3.5
Summonings     | |  1.0
Translocations | |  0.8

Action                   || total
-------------------------++-------
Melee: Hand axe          ||     4
       Long sword        ||     6
 Cast: Magic Dart        ||    36
  Eat: Chunk             ||     1
Armor: Robe              ||     1
Dodge: Dodged            ||     8
